 Dungeon Sprint DCSS version 0.30-a0-956-gcec3b41aec (webtiles) character file.

Game seed: 2287114249506573647

116918 fozzywoppz the Eye of the Storm (level 16, -2/163 HPs)
             Began as a Demonspawn Monk on Mar 29, 2023.
             Was a Priest of Qazlal.
             Killed from afar by Antaeus (20 damage)
             ... with an icy flash freeze
             ... in the Dungeon (Sprint VII: "The Pits").
             The game lasted 00:33:36 (5841 turns).

fozzywoppz the Eye of the Storm (Demonspawn Monk)   Turns: 5841, Time: 00:33:37

Health: -2/163     AC: 18    Str: 19    XL:     16   Next: 22%
Magic:  42/42      EV: 29    Int: 11    God:    Qazlal [***...]
Gold:   137        SH: 25    Dex: 19    Spells: 15/15 levels left

rFire   . . .      SeeInvis .      - Unarmed
rCold   + + .      Faith    .    B - +0 tower shield
rNeg    + . .      Spirit   .    l - +6 chain mail
rPois   +          Reflect  .    M - +2 hat
rElec   +          Rampage  .    O - +1 cloak of Starlight {*Dazzle EV+4 Stlth--}
rCorr   +          NoTele   +    (gloves unavailable)
Will    +....                    (boots unavailable) Stlth
                                 T - amulet of Jisa {Acrobat rC+ rCorr Str+2}
HPRegen 0.47/turn                Y - ring of Puvim {rElec rC+ EV+5 Str+3 Dex-3}
MPRegen 0.28/turn                i - ring of Xom's Full Attention {rPois rN+ MP+9}

@: mighty, agile
A: antennae 1, hooves 3, ignite blood 1, powered by pain 2, demonic touch 3,
deformed body
a: Renounce Religion, Upheaval, Elemental Force


You were in the Dungeon.
You worshipped Qazlal.
Qazlal was most pleased with you.
You visited 1 branch You collected 137 gold pieces.

Inventory:

Armour
 a - the +0 cloak of Life {+Blink}
   (You found it in the Dungeon)

   +Blink:    It lets you blink.
 l - a +6 chain mail (worn)
 A - an orb of light
 B - a +0 tower shield (worn)
 M - a +2 hat (worn)
 N - +7 fire dragon scales
 O - the +1 cloak of Starlight (worn) {*Dazzle EV+4 Stlth--}
   (You found it in the Dungeon)

   *Dazzle:   It may blind those who miss an attack against the wearer in melee
   combat.
   EV:        It affects your evasion (+4).
   Stlth:     It makes you much less stealthy.
Jewellery
 i - the ring of Xom's Full Attention (right hand) {rPois rN+ MP+9}
   (You took it off a deep elf sorcerer in the Dungeon)

   [ring of magical power]

   rPois:     It protects you from poison.
   rN:        It protects you from negative energy.
   MP:        It affects your magic capacity (+9).
 m - a +3 ring of strength
 o - the amulet "Otomm" {Reflect rElec rN+ Int+4 SH+5}
   (You found it in the Dungeon)

   [amulet of reflection]

   It reflects blocked missile attacks.
   Int:       It affects your intelligence (+4).
   rElec:     It insulates you from electricity.
   rN:        It protects you from negative energy.
   SH:        It affects your SH (+5).
 p - the ring of Biowun {rN+ Str+4}
   (You found it in the Dungeon)

   [ring of positive energy]

   Str:       It affects your strength (+4).
   rN:        It protects you from negative energy.
 P - the amulet of Dyotter {Regen+ Dex+3}
   (You found it in the Dungeon)

   [amulet of regeneration]

   Dex:       It affects your dexterity (+3).
   Regen:     It increases your rate of health regeneration.
 Q - the amulet of Lesser Demons {Spirit *Slow rElec Dex+6}
   (You found it in the Dungeon)

   [amulet of guardian spirit]

   It causes incoming damage to be divided between your reserves of health and
   magic.
   Dex:       It affects your dexterity (+6).
   rElec:     It insulates you from electricity.
   *Slow:     It may slow you when you take damage.
 T - the amulet of Jisa (around neck) {Acrobat rC+ rCorr Str+2}
   (You found it in the Dungeon)

   [amulet of the acrobat]

   It increases your evasion while moving and waiting.
   Str:       It affects your strength (+2).
   rC:        It protects you from cold.
   rCorr:     It protects you from acid and corrosion.
 U - the ring of Yendor {rPois rN+ Dex+6 SInv}
   (You found it in the Dungeon)

   [ring of dexterity]

   Dex:       It affects your dexterity (+6).
   rPois:     It protects you from poison.
   rN:        It protects you from negative energy.
   SInv:      It lets you see invisible.
 V - the amulet of Kimuerhi {Reflect Dex+3 SH+5}
   (You found it in the Dungeon)

   [amulet of reflection]

   It reflects blocked missile attacks.
   Dex:       It affects your dexterity (+3).
   SH:        It affects your SH (+5).
 W - the amulet "Poegoh" {Spirit Regen+}
   (You found it in the Dungeon)

   [amulet of guardian spirit]

   It causes incoming damage to be divided between your reserves of health and
   magic.
   Regen:     It increases your rate of health regeneration.
 Y - the ring of Puvim (left hand) {rElec rC+ EV+5 Str+3 Dex-3}
   (You found it in the Dungeon)

   [ring of evasion]

   EV:        It affects your evasion (+5).
   Str:       It affects your strength (+3).
   Dex:       It affects your dexterity (-3).
   rC:        It protects you from cold.
   rElec:     It insulates you from electricity.
Scrolls
 h - 4 scrolls of blinking
 j - 5 scrolls of amnesia
 k - a scroll of butterflies
 s - 6 scrolls of enchant weapon
 t - a scroll of fear
 u - 4 scrolls of identify
 D - 2 scrolls of enchant armour
 F - a scroll of fog
Potions
 b - a potion of ambrosia
 c - 10 potions of curing
 d - 12 potions of heal wounds
 e - 2 potions of haste
 f - a potion of magic
 g - 5 potions of berserk rage
 n - 4 potions of might
 q - 4 potions of mutation
 z - 2 potions of attraction
 E - 2 potions of brilliance
Miscellaneous
 r - a condenser vane (inert)


   Skills:
 + Level 25.5 Fighting
 - Level 10.0 Armour
 + Level 18.4 Dodging
 - Level 3.0 Stealth
 + Level 15.9 Shields
 + Level 24.4 Unarmed Combat
 O Level 27 Invocations


You had 15 spell levels left.
You didn't know any spells.
Your spell library contained the following spells:

 Spells                   Type           Power      Damage    Failure   Level
 Foxfire                  Conj/Fire      0%         2x1d2     100%        1
 Magic Dart               Conj           0%         1d3       100%        1
 Sandblast                Erth           0%         2d4       100%        1
 Call Imp                 Summ           0%         N/A       100%        2
 Ensorcelled Hibernation  Hex/Ice        0%         N/A       100%        2
 Passwall                 Tmut/Erth      0%         N/A       100%        2
 Dazzling Flash           Conj/Hex       0%         N/A       100%        3
 Hailstorm                Conj/Ice       0%         3d3       100%        3
 Kindle Blastsparks       Fire/Tloc/Air  0%         2d10      100%        3
 Mephitic Cloud           Conj/Pois/Air  0%         N/A       100%        3
 Ozocubu's Armour         Ice            0%         N/A       100%        3
 Spider Form              Tmut/Pois      0%         N/A       100%        3
 Stone Arrow              Conj/Erth      0%         3d7       100%        3
 Anguish                  Hex/Necr       0%         N/A       100%        4
 Fulminant Prism          Conj/Hex       0%         3d5       100%        4
 Ice Form                 Ice/Tmut       0%         N/A       100%        4
 Iskenderun's Mystic Bla  Conj/Tloc      0%         2d3       100%        4
 Olgreb's Toxic Radiance  Pois           0%         N/A       100%        4
 Passage of Golubria      Tloc           0%         N/A       100%        4
 Petrify                  Tmut/Erth      0%         N/A       100%        4
 Fireball                 Conj/Fire      0%         3d3       100%        5
 Iskenderun's Battlesphe  Conj           0%         2d6       100%        5
 Lee's Rapid Deconstruct  Erth           0%         3d4*      100%        5
 Metabolic Englaciation   Hex/Ice        0%         N/A       100%        5
 Silence                  Hex/Air        0%         N/A       100%        5
 Yara's Violent Unravell  Hex/Tmut       0%         3d3       100%        5
 Conjure Ball Lightning   Conj/Air       0%         3x3d6     100%        6
 Simulacrum               Ice/Necr       0%         N/A       100%        6
 Starburst                Conj/Fire      0%         6d3       100%        6
 Enfeeble                 Hex            0%         N/A       100%        7
 Orb of Destruction       Conj           0%         9d5       100%        7
 Ozocubu's Refrigeration  Ice            0%         4d7       100%        7
 Spellforged Servitor     Conj/Summ      0%         N/A       100%        7
 Ignition                 Fire           0%         3d3       100%        8
 Lehudib's Crystal Spear  Conj/Erth      0%         10d2      100%        8
 Fire Storm               Conj/Fire      0%         5d1       100%        9


Dungeon Overview and Level Annotations

Branches:
Dungeon (1/1)

Altars:
Ashenzari
Cheibriados
Dithmenos
Fedhas
Gozag
Hepliaklqana
Kikubaaqudgha
Makhleb
Nemelex Xobeh
Okawaru
Qazlal
Ru
Sif Muna
Trog
Uskayaw
Vehumet
Wu Jian
Xom
Yredelemnul
Jiyva
Lugonu

Annotations:
D Antaeus


Innate Abilities, Weirdness & Mutations

You have a pair of small antennae on your head.
You have hooves in place of feet.
Your demonic aura sometimes causes spilled blood to erupt in flames.
You sometimes gain power by taking damage.
Your touch may irresistibly damage your foes and sap their willpower.
Armour fits poorly on your strangely shaped body.


Message History

Antaeus barely misses you. Antaeus hits you!
You focus on the pain.
You feel very mighty all of a sudden. Antaeus freezes you! You resist.
You feel much better. The ice encasing you melts away.
Your water elemental hits Antaeus.
Antaeus is engulfed in blazing flames.
Antaeus gestures at your water elemental.
The icy flash freeze hits your water elemental!!!
Your water elemental is destroyed!
Your water elemental disappears in a puff of smoke!
Antaeus sneers, "Surrender, thou unhinged boil-brained scut!"
You punch Antaeus! You kick Antaeus!
Antaeus is severely wounded.
Antaeus gestures at you. The icy flash freeze hits you! You partially resist.
You focus on the pain.
You feel your power returning.
You are encased in ice.
You pummel Antaeus!!
Antaeus is severely wounded.
You pummel Antaeus!! You kick Antaeus, but do no damage.
Antaeus is severely wounded.
Antaeus is engulfed in blazing flames.
You block Antaeus's attack. x2
Unknown command.
You hit Antaeus but do no damage. You kick Antaeus.
Antaeus is severely wounded.
You block Antaeus's attack. x2
You pummel Antaeus!! You kick Antaeus, but do no damage.
Antaeus is almost dead.
The ice encasing you melts away.
Antaeus is engulfed in blazing flames.
Antaeus hits you. Antaeus freezes you! You resist. Antaeus hits you!
* * * LOW HITPOINT WARNING * * *
Antaeus freezes you! You resist.
* * * LOW HITPOINT WARNING * * *
Blink to where?
Press: ? - help, Dir - move target
As you read the scroll of blinking, it crumbles to dust.
Antaeus gestures at you. The icy flash freeze hits you!! You partially resist.
You die...

..#..##)'#++#..# .....##...§.☼..#
.....##≈..§§...# ..#..##..#§§#°.#
.....##....)C○.# .....##......○)#
..#..##†'#['#°.#########
...≈.''..#)≈#...........
...≈.''..#≈.#...@.......
###''###################
###''############################
.##....).)))..........)..........
.##..)...)........)..)...........
.##..##############)'############
.##..#))'...'))#........#[['...'[
.##..#))#...#))#..[.....#[[#...#[
.##..####...#######.)#######...##


You could see Antaeus.

Vanquished Creatures
  A Killer Klown (D)
  A pandemonium lord (D)
  Margery (D)
  A profane servitor (D)
  A Tzitzimitl (D)
  A deep elf blademaster (D)
  2 sphinxes (D)
  A death cob (D)
  Frances (D)
  Kirke (D)
  Agnes (D)
  2 draconian monks (D)
  A rockslime (D)
  A storm dragon (D)
  A draconian knight (D)
  4 nagarajas (D)
  2 fire giants (D)
  A frost giant (D)
  An emperor scorpion (D)
  A draconian scorcher (D)
  A deep elf sorcerer (D)
  2 ghost moths (D)
  2 draconian shifters (D)
  An angel (D)
  A draconian stormcaller (D)
  2 orc warlords (D)
  A war gargoyle (D)
  Nessos (D)
  A black draconian (D)
  A green draconian (D)
  An apis (D)
  A deep elf demonologist (D)
  A lorocyproca (D)
  4 white draconians (D)
  A dire elephant (D)
  2 purple draconians (D)
  3 deep elf death magi (D)
  2 green deaths (D)
  3 yaktaur captains (D)
  2 deep elf high priests (D)
  A hell beast (D)
  A fire dragon (D)
  4 great orbs of eyes (D)
  An ice dragon (D)
  A vault guard (D)
  A hydra (D)
  A spriggan air mage (D)
  2 ogre magi (D)
  An alligator snapping turtle (D)
  A boulder beetle (D)
  2 alligators (D)
  2 merfolk aquamancers (D)
  10 two-headed ogres (D)
  6 hell hogs (D)
  2 naga warriors (D)
  A deep troll shaman (D)
  6 death yaks (D)
  2 dancing weapons (D)
  A vampire mage (D)
  An orc high priest (D)
  7 hell knights (D)
  A soul eater (D)
  A sun demon (D)
  2 fire crabs (D)
  2 iron trolls (D)
  2 deep elf knights (D)
  A shadow wraith (D)
  3 deep trolls (D)
  2 sea snakes (D)
  A bog body (D)
  4 wizards (D)
  A lindwurm (D)
  A large abomination (D)
  A necromancer (D)
  12 orc knights (D)
  A deep elf pyromancer (D)
  An orc sorcerer (D)
  3 manticores (D)
  2 naga magi (D)
  A guardian serpent (D)
  2 rust devils (D)
  A molten gargoyle (D)
  An eye of devastation (D)
  2 cane toads (D)
  A komodo dragon (D)
  3 rime drakes (D)
  2 efreet (D)
  3 yaktaurs (D)
  A tormentor (D)
  3 merfolk (D)
  A troll (D)
  A red devil (D)
  A wandering mushroom (D)
  3 hornets (D)
  2 polar bears (D)
  A wind drake (D)
  Grinder (D)
  4 blink frogs (D)
  7 dream sheep (D)
  2 flying skulls (D)
  A spriggan (D)
  2 ynoxinuls (D)
  7 water elementals (D)
  A fire elemental (D)
  A wraith (D)
  5 hogs (D)
  A basilisk (D)
  3 steam dragons (D)
  A neqoxec (D)
  4 redbacks (D)
  An acid dragon (D)
  2 floating eyes (D)
  A sky beast (D)
  Pargi (D)
  5 orc warriors (D)
  7 ogres (D)
  6 wolves (D)
  A centaur (D)
  2 phantoms (D)
  A kobold brigand (D)
  2 earth elementals (D)
  A bullfrog (D)
  4 killer bees (D)
  A crimson imp (D)
  3 hounds (D)
  A gnoll bouda (D)
  An orc priest (D)
  An iguana (D)
  3 orc wizards (D)
  2 small abominations (D)
  4 gnolls (D)
  An adder (D)
  A river rat (D)
  An adder skeleton (D)
  2 worms (D)
  An adder simulacrum (D)
  6 orcs (D)
  A ball python (D)
  A bat (D)
  2 endoplasms (D)
  A giant cockroach (D)
  2 goblins (D)
  2 hobgoblins (D)
  5 jackals (D)
  A kobold (D)
  A giant cockroach simulacrum (D)
301 creatures vanquished.

Vanquished Creatures (others)
  An eye of devastation (D)
  A human (D)
2 creatures vanquished.

Grand Total: 303 creatures vanquished

Notes
Turn   | Place    | Note
-------+----------+-------------------------------------------
     0 | D        | fozzywoppz the Demonspawn Monk began the quest for the Orb.
     0 | D        | Reached XP level 1. HP: 18/18 MP: 1/1
    39 | D        | Found a basalt altar of Yredelemnul.
    39 | D        | Found a shimmering altar of Xom.
    39 | D        | Found an ornate altar of the Wu Jian Council.
    39 | D        | Found a bloodstained altar of Trog.
    39 | D        | Found a shimmering blue altar of Sif Muna.
    39 | D        | Found a sacrificial altar of Ru.
    39 | D        | Found a stormy altar of Qazlal.
    39 | D        | Found an iron altar of Okawaru.
    39 | D        | Found a sparkling altar of Nemelex Xobeh.
    39 | D        | Found a burning altar of Makhleb.
    39 | D        | Found a viscous altar of Jiyva.
    39 | D        | Found a hazy altar of Hepliaklqana.
    39 | D        | Found an opulent altar of Gozag.
    39 | D        | Found a blossoming altar of Fedhas.
    39 | D        | Found a shadowy altar of Dithmenos.
    39 | D        | Found a snail-covered altar of Cheibriados.
    41 | D        | Found a corrupted altar of Lugonu.
    41 | D        | Found a radiant altar of Vehumet.
    42 | D        | Found an ancient bone altar of Kikubaaqudgha.
    42 | D        | Found a hide-covered altar of Uskayaw.
    42 | D        | Found a broken altar of Ashenzari.
    45 | D        | Became a worshipper of Qazlal Stormbringer
    45 | D        | Reached * piety under Qazlal
    45 | D        | Reached ** piety under Qazlal
    55 | D        | Noticed a floating eye
    58 | D        | Paralysed by a floating eye for 4 turns
    62 | D        | Killed a floating eye
    63 | D        | Reached skill level 5 in Fighting
    63 | D        | Reached skill level 5 in Dodging
    63 | D        | Reached skill level 5 in Unarmed Combat
    63 | D        | Gained mutation: Your demonic aura sometimes causes spilled
                  | blood to erupt in flames. [demonic ancestry]
    63 | D        | Reached XP level 2. HP: 28/28 MP: 2/2
    63 | D        | Reached XP level 3. HP: 34/34 MP: 3/3
    63 | D        | Gained mutation: You sometimes gain a little power by
                  | taking damage. [demonic ancestry]
    63 | D        | Reached XP level 4. HP: 40/40 MP: 4/4
    80 | D        | Reached *** piety under Qazlal
    84 | D        | Noticed Pargi
   108 | D        | Reached skill level 1 in Invocations
   124 | D        | Killed Pargi
   124 | D        | Reached **** piety under Qazlal
   125 | D        | Reached skill level 4 in Invocations
   125 | D        | Discovered your monstrous ancestry.
   125 | D        | Gained mutation: Your touch may inflict minor irresistible
                  | damage on your foes. [demonic ancestry]
   125 | D        | Reached XP level 5. HP: 42/48 MP: 4/8
   208 | D        | Noticed Grinder
   208 | D        | Noticed an ogre
   211 | D        | Killed an ogre
   212 | D        | Reached skill level 6 in Invocations
   212 | D        | Gained mutation: Your touch may inflict irresistible damage
                  | on your foes. [demonic ancestry]
   212 | D        | Reached XP level 6. HP: 56/56 MP: 2/10
   239 | D        | Reached skill level 7 in Invocations
   242 | D        | Reached ***** piety under Qazlal
   248 | D        | Killed Grinder
   249 | D        | Reached skill level 8 in Invocations
   249 | D        | Gained mutation: You have large cloven feet. [demonic
                  | ancestry]
   249 | D        | Reached XP level 7. HP: 24/63 MP: 3/13
   386 | D        | Noticed a sea snake
   396 | D        | Killed a sea snake
   397 | D        | Reached skill level 10 in Fighting
   397 | D        | Reached skill level 10 in Invocations
   397 | D        | Reached XP level 8. HP: 28/72 MP: 13/15
   534 | D        | Noticed a flying skull
   586 | D        | Killed a flying skull
   675 | D        | Noticed a polar bear
   677 | D        | Reached skill level 11 in Invocations
   682 | D        | Killed a polar bear
   682 | D        | Reached ****** piety under Qazlal
   683 | D        | Reached skill level 10 in Dodging
   683 | D        | Reached skill level 10 in Unarmed Combat
   920 | D        | Noticed a sea snake
   925 | D        | Reached skill level 12 in Invocations
   931 | D        | Killed a sea snake
   932 | D        | Reached skill level 13 in Invocations
   932 | D        | Gained mutation: You have a pair of small antennae on your
                  | head. [demonic ancestry]
   932 | D        | Reached XP level 9. HP: 25/78 MP: 17/19
  1186 | D        | Reached skill level 14 in Invocations
  1190 | D        | Noticed a cane toad
  1195 | D        | Reached skill level 1 in Armour
  1197 | D        | Killed a cane toad
  1204 | D        | Reached skill level 15 in Invocations
  1210 | D        | Gained mutation: Your touch may irresistibly damage your
                  | foes and sap their willpower. [demonic ancestry]
  1210 | D        | Reached XP level 10. HP: 65/87 MP: 21/21
  1230 | D        | Noticed a boulder beetle
  1237 | D        | Noticed a rust devil
  1239 | D        | Reached skill level 5 in Armour
  1246 | D        | Reached skill level 16 in Invocations
  1246 | D        | Killed a shadow wraith
  1247 | D        | Killed a boulder beetle
  1257 | D        | Killed a rust devil
  1283 | D        | Reached skill level 17 in Invocations
  1545 | D        | Noticed a two-headed ogre
  1545 | D        | Noticed a bog body
  1552 | D        | Killed a bog body
  1556 | D        | Killed a two-headed ogre
  1557 | D        | Reached XP level 11. HP: 85/97 MP: 20/23
  1633 | D        | Noticed a two-headed ogre
  1641 | D        | Killed a two-headed ogre
  1642 | D        | Reached skill level 18 in Invocations
  1649 | D        | Noticed a great orb of eyes
  1671 | D        | Killed a great orb of eyes
  2025 | D        | Noticed a fire crab
  2026 | D        | Identified the +5 dagger "Sudik" {drain, rCorr}
  2026 | D        | Noticed a yaktaur captain
  2027 | D        | Reached skill level 19 in Invocations
  2030 | D        | Killed a fire crab
  2032 | D        | Reached skill level 10 in Armour
  2032 | D        | Reached skill level 15 in Unarmed Combat
  2032 | D        | Noticed an alligator snapping turtle
  2039 | D        | Killed an alligator snapping turtle
  2039 | D        | Killed a yaktaur captain
  2040 | D        | Reached skill level 15 in Fighting
  2043 | D        | Reached skill level 20 in Invocations
  2043 | D        | Gained mutation: You sometimes gain power by taking damage.
                  | [demonic ancestry]
  2043 | D        | Reached XP level 12. HP: 56/110 MP: 20/26
  2125 | D        | Noticed a two-headed ogre
  2128 | D        | Killed a two-headed ogre
  2139 | D        | Noticed a green death
  2146 | D        | Killed a green death
  2155 | D        | Reached skill level 21 in Invocations
  2184 | D        | Got the +8 morningstar of Exoneration {venom, Will- Dex+6}
  2308 | D        | Noticed Nessos
  2308 | D        | Noticed a great orb of eyes
  2308 | D        | Noticed a death cob
  2310 | D        | Killed Nessos
  2313 | D        | Killed a death cob
  2313 | D        | Paralysed by a great orb of eyes for 2 turns
  2319 | D        | Killed a great orb of eyes
  2320 | D        | Reached skill level 22 in Invocations
  2512 | D        | Noticed a great orb of eyes
  2514 | D        | Killed a great orb of eyes
  2515 | D        | Noticed an orc high priest
  2517 | D        | Killed an orc high priest
  2596 | D        | Noticed a merfolk aquamancer
  2607 | D        | Killed a merfolk aquamancer
  2608 | D        | Reached skill level 23 in Invocations
  2608 | D        | Gained mutation: You have hoof-like feet. [demonic
                  | ancestry]
  2608 | D        | Reached XP level 13. HP: 99/122 MP: 24/28
  2830 | D        | Noticed an orc warlord
  2830 | D        | Noticed an orc warlord
  2831 | D        | Killed an orc warlord
  2832 | D        | Reached skill level 24 in Invocations
  2838 | D        | Killed an orc warlord
  2864 | D        | Noticed a dire elephant
  2885 | D        | Killed a dire elephant
  2983 | D        | Noticed Kirke
  2995 | D        | Killed Kirke
  2996 | D        | Reached skill level 25 in Invocations
  3023 | D        | Noticed a deep elf blademaster
  3027 | D        | Killed a deep elf blademaster
  3261 | D        | Noticed a purple draconian shifter
  3280 | D        | Killed a purple draconian shifter
  3387 | D        | Got the +0 cloak of Life {+Blink}
  3504 | D        | Noticed a nagaraja
  3507 | D        | Reached skill level 26 in Invocations
  3507 | D        | Killed a nagaraja
  3508 | D        | Reached XP level 14. HP: 130/136 MP: 23/31
  3508 | D        | Noticed a Killer Klown
  3508 | D        | Gained mutation: Armour fits poorly on your strangely
                  | shaped body. [a neqoxec]
  3511 | D        | Killed a Killer Klown
  3525 | D        | Noticed a storm dragon
  3526 | D        | Reached skill level 5 in Shields
  3529 | D        | Killed a storm dragon
  3532 | D        | Identified the +4 battleaxe "Vyurhomi" {protect, rCorr
                  | MP+9}
  3532 | D        | Noticed Frances
  3537 | D        | Reached skill level 27 in Invocations
  3537 | D        | Found the +1 cloak of Starlight {*Dazzle EV+4 Stlth--}
  3541 | D        | Noticed a fire giant
  3541 | D        | Noticed an angel
  3542 | D        | Killed Frances
  3542 | D        | Killed a fire giant
  3542 | D        | Killed an angel
  3561 | D        | Noticed a sphinx
  3562 | D        | Noticed Agnes
  3566 | D        | Killed a sphinx
  3569 | D        | Noticed a fire giant
  3569 | D        | Killed Agnes
  3578 | D        | Paralysed by a hornet for 1 turns
  3598 | D        | Killed a fire giant
  3599 | D        | Reached skill level 10 in Shields
  3604 | D        | Gained mutation: You have hooves in place of feet. [demonic
                  | ancestry]
  3604 | D        | Reached XP level 15. HP: 54/148 MP: 6/32
  3636 | D        | Noticed a Tzitzimitl
  3666 | D        | Killed a Tzitzimitl
  3787 | D        | Identified the ring of Xom's Full Attention {rPois rN+
                  | MP+9}
  3787 | D        | Noticed a deep elf sorcerer
  3800 | D        | Killed a deep elf sorcerer
  3818 | D        | Reached skill level 15 in Dodging
  4108 | D        | Noticed an emperor scorpion
  4122 | D        | Killed an emperor scorpion
  4386 | D        | Noticed Margery
  4387 | D        | Killed Margery
  4579 | D        | Noticed a nagaraja
  4589 | D        | Killed a nagaraja
  4856 | D        | Noticed a black draconian knight
  4858 | D        | Killed a black draconian knight
  4859 | D        | Noticed a green draconian monk
  4859 | D        | Noticed a sphinx
  4861 | D        | Killed a green draconian monk
  4862 | D        | Killed a sphinx
  4867 | D        | Noticed a green draconian monk
  4869 | D        | Killed a green draconian monk
  4907 | D        | Noticed a nagaraja
  4914 | D        | Noticed a red draconian scorcher
  4917 | D        | Killed a nagaraja
  4920 | D        | Killed a red draconian scorcher
  5075 | D        | Noticed a nagaraja
  5089 | D        | Killed a nagaraja
  5307 | D        | Got the Excursus on the Flammable Ground
  5314 | D        | Got the Enchiridion on Numb Battling
  5330 | D        | Got Tadoowia's Anthology of the Grounded Sun
  5342 | D        | Got the ring of Mutualism {Ice rPois Int+4}
  5344 | D        | Got the amulet of Dyotter {Regen+ Dex+3}
  5347 | D        | Got the amulet of Lesser Demons {Spirit *Slow rElec Dex+6}
  5349 | D        | Got the amulet "Mesior" {Spirit rCorr}
  5351 | D        | Got the amulet of Deitelae {Spirit rCorr Dex+2}
  5353 | D        | Got the amulet of Jisa {Acrobat rC+ rCorr Str+2}
  5355 | D        | Got the ring of Yendor {rPois rN+ Dex+6 SInv}
  5357 | D        | Got the amulet of Kimuerhi {Reflect Dex+3 SH+5}
  5359 | D        | Got the amulet "Poegoh" {Spirit Regen+}
  5361 | D        | Got the amulet "Hush" {RegenMP rElec}
  5363 | D        | Got the ring of Puvim {rElec rC+ EV+5 Str+3 Dex-3}
  5365 | D        | Got the ring "Urismer" {rPois rF- rC++ MP+9 Slay+5 Stlth+}
  5380 | D        | Got the amulet "Otomm" {Reflect rElec rN+ Int+4 SH+5}
  5382 | D        | Got the ring of Biowun {rN+ Str+4}
  5472 | D        | Noticed a profane servitor
  5474 | D        | Killed a rockslime
  5474 | D        | Killed a profane servitor
  5475 | D        | Reached skill level 15 in Shields
  5475 | D        | Reached XP level 16. HP: 92/162 MP: 24/33
  5629 | D        | Noticed Efietim the pandemonium lord
  5639 | D        | Killed Efietim the pandemonium lord
  5641 | D        | Noticed Antaeus
  5841 | D        | Killed from afar by Antaeus

Illustrated notes

Levels and vault maps discovered:
D:        pitsprint [storerooms_1, entrance_room_1, metal_vault_8, armoury_2,
          mini_pit_1, grid_room_1, main_hall_1, silver_pit, the_coven_1,
          the_vestibule_1, steel_vault_3, golden_pit, hallway_of_sentries,
          crystal_vault_1, iron_vault_2, final_vault]

Skill      XL: |  1  2  3  4  5  6  7  8  9 10 11 12 13 14 15 16 |
---------------+-------------------------------------------------+-----
Stealth        | 3 |  3.0
Fighting       | 5 7 8 10 11 12 15 17 20 22 25 | 25.5
Dodging        | 5 6 7 9 10 14 17 18 | 18.4
Unarmed Combat | 5 6 7 8 9 11 12 13 15 17 19 21 23 24 | 24.4
Invocations    | 4 6 8 10 13 15 17 20 23 26 27 | 27.0
Armour         | 4 7 10 | 10.0
Shields        | 2 10 15 | 15.9

Action                     |  1- 3 |  4- 6 |  7- 9 | 10-12 | 13-15 | 16-18 || total
---------------------------+-------+-------+-------+-------+-------+-------++-------
  Melee: Unarmed           |     6 |    69 |    52 |   156 |   180 |    15 ||   478
         Punch             |       |     2 |     2 |    16 |    24 |       ||    44
         Touch             |       |     6 |    13 |    39 |    25 |       ||    83
         Kick              |       |       |    18 |    53 |    60 |     7 ||   138
  Throw: Throwing net      |       |       |       |       |     2 |       ||     2
 Invoke: Upheaval          |       |     3 |     4 |    22 |    56 |     5 ||    90
         Disaster Area     |       |       |       |     2 |     8 |     7 ||    17
         Elemental Force   |       |       |       |       |       |     2 ||     2
  Evoke: Condenser vane    |       |       |       |       |       |     1 ||     1
    Use: Potion            |       |     2 |     2 |       |     7 |     8 ||    19
         Scroll            |       |       |       |       |     3 |     2 ||     5
   Stab: Invisible         |       |       |       |       |     1 |       ||     1
 Armour: Robe              |       |     6 |       |       |       |       ||     6
         Chain mail        |       |       |     4 |    54 |    56 |       ||   114
  Dodge: Dodged            |     1 |    42 |    20 |    60 |    52 |     5 ||   180
         Repelled          |       |       |       |     1 |     1 |     1 ||     3
  Block: Other             |       |    16 |    15 |    40 |    27 |       ||    98
         Tower shield      |       |       |       |       |    57 |     9 ||    66

Table legend: (Time is in decaauts)
 A = Elapsed time spent in this place.
 B = Non-inter-level travel time spent in this place.
 C = Inter-level travel time spent in this place.
 D = Time resting spent in this place.
 E = Time spent auto-exploring this place.
 F = Levels seen in this place.
 G = Mean time per level.
                   A        B        C        D        E       F      G
               +--------+--------+--------+--------+--------+-----+--------+
         Total |   5720 |   5720 |      0 |   3112 |    265 |   1 | 5720.0 |
       Dungeon |   5720 |   5720 |      0 |   3112 |    265 |   1 | 5720.0 |
               +--------+--------+--------+--------+--------+-----+--------+

Top non-repeatable levels by time:
       D: 5720 daAuts
